[Event "V. Korchnoy Memorial 2018"]
[Site "St. Petersburg"]
[Date "2018.08.15"]
[Round "1"]
[White "Kamsky, Gata"]
[Black "Lagashin, Pavel"]
[Result "1-0"]
[ECO "B00"]
[WhiteElo "2675"]
[BlackElo "2101"]
[Annotator "RC"]
[PlyCount "79"]
[EventDate "2018.08.15"]
[EventType "swiss"]
[EventCountry "RUS"]
[SourceTitle "playchess.com"]
[Source "ChessBase"]
[SourceQuality "1"]
[TimeControl "5400+30"]

1. e4 Nc6 2. Nf3 d6 3. d4 Nf6 4. Nc3 g6 5. h3 Bg7 6. Bg5 O-O 7. Be2 h6 8. Be3 e5 9. d5 Ne7 10. Qd2 Kh7 11. O-O-O Nh5 12. g4 Nf4 13. Bc4 Ng2 14. Rhg1 Nxe3 15. fxe3 a6 16. Kb1 b5 17. Bd3 b4 18. Ne2 a5 19. Ng3 Ba6 20. h4 Qb8 21. Bxa6 Rxa6 22. Qd3 Rb6 23. h5 b3 24. cxb3 a4 25. g5 axb3 26. a3 c5 27. Rc1 Qa7 28. Rh1 Ra6 29. Nd2 Rb8 30. Nc4 Nc8 31. gxh6 Bf8 32. hxg6+ fxg6 33. Nf1 Nb6 34. Nfd2 Na4 35. Rcf1 Ra8 36. Rf6 Bxh6 37. Qf1 Kg7 38. Rg1 Kg8 39. Rfxg6+ Bg7 40. Qf6 1-0

[Event "V. Korchnoy Memorial 2018"]
[Site "St. Petersburg"]
[Date "2018.08.15"]
[Round "1"]
[White "Paravyan, David"]
[Black "Yangutov, Aleksey"]
[Result "0-1"]
[ECO "A30"]
[WhiteElo "2630"]
[BlackElo "2097"]
[Annotator "ChessBase"]
[PlyCount "120"]
[EventDate "2018.08.15"]
[EventType "swiss"]
[EventCountry "RUS"]
[SourceTitle "playchess.com"]
[Source "ChessBase"]
[SourceQuality "1"]
[TimeControl "5400+30"]

1. Nf3 Nf6 2. c4 e6 3. Nc3 c5 4. g3 b6 5. Bg2 Bb7 6. O-O Be7 7. d4 cxd4 8. Qxd4 O-O 9. Bg5 d6 10. Rad1 Nbd7 11. Nb5 d5 12. cxd5 Bxd5 13. Nc3 Bc6 14. e4 h6 15. Bf4 Bc5 16. Qd2 Qe7 17. a3 a5 18. Rfe1 e5 19. Be3 Rad8 20. Nh4 Ng4 21. Nf5 Qe6 22. Bxc5 Nxc5 23. Qxd8 Rxd8 24. Rxd8+ Kh7 25. h3 Nf6 26. Rd6 Qe8 27. b4 Nb7 28. Rdd1 Qf8 29. Nd5 axb4 30. axb4 Ba4 31. Nxf6+ gxf6 32. Ra1 Qxb4 33. Reb1 Bb3 34. Ra7 Nd6 35. Rc7 Nxf5 36. exf5 Qd4 37. Rb7 Qd3 38. Rc1 b5 39. g4 Bc4 40. Rc7 h5 41. Re1 Qd2 42. Re3 Kh6 43. Rc8 Qd7 44. Rc6 hxg4 45. Rg3 Qxf5 46. Rxg4 Qb1+ 47. Kh2 Be6 48. Rg3 Qb2 49. Rf3 e4 50. Re3 f5 51. Kg1 b4 52. Rb6 Kg7 53. Bf1 b3 54. Rg3+ Kf8 55. Rb8+ Ke7 56. Rb7+ Kf6 57. Rb6 Ke5 58. Rb5+ Kf4 59. h4 Qc1 60. Rbxb3 Bc4 0-1

[Event "V. Korchnoy Memorial 2018"]
[Site "St. Petersburg"]
[Date "2018.08.15"]
[Round "1"]
[White "Mchedlishvili, Mikheil"]
[Black "Stepanov, Andrey"]
[Result "1-0"]
[ECO "A05"]
[WhiteElo "2608"]
[BlackElo "2093"]
[Annotator "ChessBase"]
[PlyCount "49"]
[EventDate "2018.08.15"]
[EventType "swiss"]
[EventCountry "RUS"]
[SourceTitle "playchess.com"]
[Source "ChessBase"]
[SourceQuality "1"]
[TimeControl "5400+30"]

1. Nf3 Nf6 2. c4 g6 3. Nc3 d5 4. cxd5 Nxd5 5. Qb3 Nb6 6. d4 Bg7 7. Bf4 O-O 8. Rd1 a5 9. e3 c6 10. Be2 Be6 11. Qc2 Na6 12. O-O Nb4 13. Qb1 N6d5 14. Bg3 Nxc3 15. bxc3 Nxa2 16. Qb2 b5 17. Ng5 Bd5 18. c4 e5 19. cxd5 exd4 20. Qxa2 Qxg5 21. dxc6 dxe3 22. Bf3 exf2+ 23. Qxf2 b4 24. c7 Rae8 25. Bc6 1-0

[Event "V. Korchnoy Memorial 2018"]
[Site "St. Petersburg"]
[Date "2018.08.15"]
[Round "1"]
[White "Stupak, Kirill"]
[Black "Lugovoy, Dmitry"]
[Result "1-0"]
[ECO "A81"]
[WhiteElo "2573"]
[BlackElo "2077"]
[Annotator "ChessBase"]
[PlyCount "35"]
[EventDate "2018.08.15"]
[EventType "swiss"]
[EventCountry "RUS"]
[SourceTitle "playchess.com"]
[Source "ChessBase"]
[SourceQuality "1"]
[TimeControl "5400+30"]

1. d4 f5 2. g3 Nf6 3. Bg2 g6 4. Nh3 d6 5. d5 c6 6. Nc3 Bg7 7. Nf4 Bd7 8. h4 Na6 9. h5 Qa5 10. Bd2 Qc5 11. hxg6 hxg6 12. Rxh8+ Bxh8 13. Nxg6 Ng4 14. e3 O-O-O 15. Na4 Qb5 16. c4 Qxc4 17. b3 Nxe3 18. fxe3 1-0

[Event "V. Korchnoy Memorial 2018"]
[Site "St. Petersburg"]
[Date "2018.08.15"]
[Round "1"]
[White "Fedorov, Alexei"]
[Black "Lepaev, Andrey"]
[Result "1-0"]
[ECO "B00"]
[WhiteElo "2561"]
[BlackElo "2071"]
[Annotator "ChessBase"]
[PlyCount "63"]
[EventDate "2018.08.15"]
[EventType "swiss"]
[EventCountry "RUS"]
[SourceTitle "playchess.com"]
[Source "ChessBase"]
[SourceQuality "1"]
[TimeControl "5400+30"]

1. e4 d6 2. d4 Nf6 3. f3 c5 4. d5 e6 5. c4 exd5 6. cxd5 Be7 7. Nc3 O-O 8. Nge2 Nh5 9. g3 f5 10. exf5 Bxf5 11. Bg2 Re8 12. O-O Nf6 13. g4 Bd7 14. Nf4 g6 15. g5 Nh5 16. Nxh5 gxh5 17. f4 Bg4 18. Qc2 Rf8 19. Bd2 Nd7 20. h4 Rf7 21. f5 Ne5 22. f6 Bf8 23. Bf4 Qd7 24. Bxe5 dxe5 25. g6 hxg6 26. Qxg6+ Kh8 27. Ne4 c4 28. d6 Rh7 29. Ng5 Bxd6 30. f7 Bc5+ 31. Kh1 Qd3 32. Be4 1-0

[Event "V. Korchnoy Memorial 2018"]
[Site "St. Petersburg"]
[Date "2018.08.15"]
[Round "1"]
[White "Vunder, Andrei"]
[Black "Zvjaginsev, Vadim"]
[Result "1/2-1/2"]
[ECO "A46"]
[WhiteElo "2101"]
[BlackElo "2643"]
[Annotator "ChessBase"]
[PlyCount "81"]
[EventDate "2018.08.15"]
[EventType "swiss"]
[EventCountry "RUS"]
[SourceTitle "playchess.com"]
[Source "ChessBase"]
[SourceQuality "1"]
[TimeControl "5400+30"]

1. d4 Nf6 2. Nf3 d6 3. c3 Nbd7 4. Nbd2 g6 5. e4 Bg7 6. Bd3 O-O 7. O-O Re8 8. Re1 e5 9. dxe5 Nxe5 10. Nxe5 Rxe5 11. Nf3 Bg4 12. h3 Bxf3 13. Qxf3 g5 14. Be3 c5 15. Qg3 h6 16. h4 Nh5 17. Qg4 gxh4 18. f4 Nf6 19. Qxh4 Re8 20. Bf2 Qd7 21. Rad1 Qg4 22. Qxg4 Nxg4 23. Bb5 Red8 24. Bh4 Bf6 25. Bxf6 Nxf6 26. Bc4 Kf8 27. Kf2 Rab8 28. a4 a6 29. a5 Rd7 30. Kf3 Re8 31. Bb3 Rb8 32. e5 dxe5 33. fxe5 Rxd1 34. Rxd1 Ng8 35. Rd7 Ne7 36. Bc4 Ke8 37. Rd6 Nc6 38. Ke4 Nxa5 39. Rxh6 Ke7 40. Bd5 Nc6 41. Rh7 1/2-1/2

[Event "V. Korchnoy Memorial 2018"]
[Site "St. Petersburg"]
[Date "2018.08.15"]
[Round "1"]
[White "Khajrutdinov, Ildar"]
[Black "Kokarev, Dmitry"]
[Result "0-1"]
[ECO "A37"]
[WhiteElo "2097"]
[BlackElo "2608"]
[Annotator "RC"]
[PlyCount "60"]
[EventDate "2018.08.15"]
[EventType "swiss"]
[EventCountry "RUS"]
[SourceTitle "playchess.com"]
[Source "ChessBase"]
[SourceQuality "1"]
[TimeControl "5400+30"]

1. Nf3 c5 2. c4 g6 3. Nc3 Bg7 4. g3 Nc6 5. Bg2 e6 6. O-O Nge7 7. d3 O-O 8. Bd2 d5 9. cxd5 exd5 10. Qc1 b6 11. Bh6 d4 12. Bxg7 Kxg7 13. Ne4 Be6 14. h4 h6 15. Ned2 Nd5 16. Nc4 Qc7 17. e4 dxe3 18. Nxe3 Nxe3 19. Qxe3 Rad8 20. a3 a5 21. Rac1 Qd6 22. Rc3 Nd4 23. Re1 Bg4 24. Ne5 Rfe8 25. Nxg4 Rxe3 26. Nxe3 a4 27. Nc4 Qf6 28. f4 Nb5 29. Rcc1 Rxd3 30. Kh2 Nd4 0-1

[Event "V. Korchnoy Memorial 2018"]
[Site "St. Petersburg"]
[Date "2018.08.15"]
[Round "1"]
[White "Martynyuk, Elizaveta"]
[Black "Ponkratov, Pavel"]
[Result "0-1"]
[ECO "B11"]
[WhiteElo "2090"]
[BlackElo "2605"]
[Annotator "ChessBase"]
[PlyCount "88"]
[EventDate "2018.08.15"]
[EventType "swiss"]
[EventCountry "RUS"]
[SourceTitle "playchess.com"]
[Source "ChessBase"]
[SourceQuality "1"]
[TimeControl "5400+30"]

1. e4 c6 2. Nc3 d5 3. Nf3 Bg4 4. h3 Bh5 5. exd5 cxd5 6. Bb5+ Nc6 7. g4 Bg6 8. d4 e6 9. Ne5 Rc8 10. h4 f6 11. Nxg6 hxg6 12. h5 Bb4 13. Qd3 Nge7 14. Bd2 a6 15. Bxc6+ Rxc6 16. O-O-O gxh5 17. Rh4 Bxc3 18. Bxc3 g5 19. Rxh5 Rxh5 20. gxh5 Nf5 21. h6 Qc7 22. Rh1 Qh7 23. Bb4 Kf7 24. Bc5 Kg8 25. a4 Qc7 26. b4 Qd7 27. Qe2 Rc8 28. b5 axb5 29. axb5 Kh7 30. Re1 Re8 31. Qh5 Ra8 32. Kd2 Rc8 33. Qe2 e5 34. Qg4 Qe6 35. f3 Rc7 36. c3 b6 37. Bd6 Rc4 38. Bxe5 fxe5 39. Rxe5 Qxe5 40. dxe5 Rxg4 41. fxg4 Ne7 42. Kd3 Kxh6 43. Ke3 Kg6 44. Kd4 Kf7 0-1

[Event "V. Korchnoy Memorial 2018"]
[Site "St. Petersburg"]
[Date "2018.08.15"]
[Round "1"]
[White "Ivanov, Sergei V"]
[Black "Pridorozhni, Aleksei"]
[Result "0-1"]
[ECO "B40"]
[WhiteElo "2075"]
[BlackElo "2564"]
[Annotator "ChessBase"]
[PlyCount "82"]
[EventDate "2018.08.15"]
[EventType "swiss"]
[EventCountry "RUS"]
[SourceTitle "playchess.com"]
[Source "ChessBase"]
[SourceQuality "1"]
[TimeControl "5400+30"]

1. e4 c5 2. Nf3 e6 3. d4 cxd4 4. Nxd4 Nf6 5. Nc3 Nc6 6. Ndb5 Bc5 7. Nd6+ Ke7 8. Bf4 e5 9. Nf5+ Kf8 10. Bg5 h6 11. Bxf6 Qxf6 12. Nd5 Qd8 13. Bc4 g6 14. Nfe3 Kg7 15. O-O d6 16. c3 a6 17. Kh1 Rf8 18. b4 Ba7 19. Qd3 Be6 20. Rad1 Rc8 21. Bb3 Qg5 22. Nc4 Rcd8 23. a4 Ne7 24. Nd2 Nxd5 25. Bxd5 Bc8 26. Bb3 f5 27. Bd5 f4 28. b5 Qe7 29. Nc4 axb5 30. axb5 Bc5 31. Nd2 g5 32. f3 h5 33. g3 Bh3 34. gxf4 Bxf1 35. Qxf1 gxf4 36. Qg2+ Kh6 37. Nb3 Be3 38. Na5 Rf6 39. Nc4 Bc5 40. h4 Rg6 41. Qh2 Rg3 0-1

[Event "V. Korchnoy Memorial 2018"]
[Site "St. Petersburg"]
[Date "2018.08.15"]
[Round "1"]
[White "Zemnitskiy, Alexander"]
[Black "Vavulin, Maksim"]
[Result "0-1"]
[ECO "A40"]
[WhiteElo "2069"]
[BlackElo "2545"]
[Annotator "ChessBase"]
[PlyCount "58"]
[EventDate "2018.08.15"]
[EventType "swiss"]
[EventCountry "RUS"]
[SourceTitle "playchess.com"]
[Source "ChessBase"]
[SourceQuality "1"]
[TimeControl "5400+30"]

1. d4 e6 2. c4 c5 3. d5 exd5 4. cxd5 d6 5. e4 g6 6. h3 Bg7 7. Nf3 Ne7 8. Nc3 h6 9. Bd3 O-O 10. O-O f5 11. Re1 fxe4 12. Bxe4 Nd7 13. Qc2 Nf5 14. Bf4 Nf6 15. Bd3 a6 16. Ne4 b5 17. Nxf6+ Qxf6 18. Re2 g5 19. Bh2 h5 20. g4 hxg4 21. hxg4 Nh6 22. Bh7+ Kh8 23. Be5 dxe5 24. Nxe5 Bxg4 25. Ng6+ Kxh7 26. Nxf8+ Kg8 27. Nh7 Qf5 28. Qxf5 Nxf5 29. Nxg5 Bxe2 0-1

[Event "V. Korchnoy Memorial 2018"]
[Site "St. Petersburg"]
[Date "2018.08.17"]
[Round "3"]
[White "Tsydypov, Zhamsaran"]
[Black "Tran, Minh Thang"]
[Result "1-0"]
[ECO "B43"]
[WhiteElo "2520"]
[BlackElo "2335"]
[Annotator "ChessBase"]
[PlyCount "71"]
[EventDate "2018.08.15"]
[EventType "swiss"]
[EventCountry "RUS"]
[SourceTitle "playchess.com"]
[Source "ChessBase"]
[SourceQuality "1"]
[TimeControl "5400+30"]

1. e4 c5 2. Nf3 e6 3. d4 cxd4 4. Nxd4 a6 5. Nc3 d6 6. Bd3 Nf6 7. O-O Be7 8. a4 O-O 9. a5 e5 10. Nb3 Be6 11. Nd5 Nxd5 12. exd5 Bc8 13. Be3 Nd7 14. c4 g6 15. Qd2 f5 16. f3 Nf6 17. Bb6 Qe8 18. c5 Kg7 19. Bc4 Bd7 20. Qb4 Rc8 21. Rac1 Rf7 22. cxd6 Bf8 23. Rfe1 Bb5 24. Bxb5 axb5 25. Rxc8 Qxc8 26. Rxe5 Qc4 27. Qxc4 bxc4 28. Re6 cxb3 29. Bd4 g5 30. Kf1 f4 31. Bxf6+ Rxf6 32. d7 Rxe6 33. d8=Q Rf6 34. Qc7+ Rf7 35. Qe5+ Kg6 36. d6 1-0

[Event "V. Korchnoy Memorial 2018"]
[Site "St. Petersburg"]
[Date "2018.08.17"]
[Round "3"]
[White "Bajarani, Ulvi"]
[Black "Ponkratov, Pavel"]
[Result "0-1"]
[ECO "C07"]
[WhiteElo "2425"]
[BlackElo "2605"]
[Annotator "RC"]
[PlyCount "100"]
[EventDate "2018.08.15"]
[EventType "swiss"]
[EventCountry "RUS"]
[SourceTitle "playchess.com"]
[Source "ChessBase"]
[SourceQuality "1"]
[TimeControl "5400+30"]

1. e4 e6 2. d4 d5 3. Nd2 c5 4. exd5 Qxd5 5. Ngf3 Nf6 6. Bc4 Qd8 7. O-O a6 8. dxc5 Bxc5 9. Qe2 Qc7 10. Ne4 Be7 11. Bd3 Nbd7 12. Bg5 h6 13. Nxf6+ Bxf6 14. Bxf6 Nxf6 15. Ne5 b6 16. Rfe1 Bb7 17. Rad1 O-O 18. c3 Rfd8 19. Bc2 Rxd1 20. Rxd1 Rd8 21. Rxd8+ Qxd8 22. Qd3 Qc7 23. Qd4 Nd5 24. h3 f6 25. Ng6 Kf7 26. Nh8+ Kf8 27. Ng6+ Ke8 28. c4 Ne7 29. Nxe7 Kxe7 30. Qg4 g5 31. Qd4 Qc6 32. f3 Qc5 33. Qxc5+ bxc5 34. Kf2 f5 35. Ke3 h5 36. g4 hxg4 37. hxg4 f4+ 38. Ke2 Kd6 39. Bd1 Bc6 40. Kd3 a5 41. b3 e5 42. a3 Ke6 43. Be2 a4 44. b4 e4+ 45. fxe4 Ke5 46. b5 Bxe4+ 47. Kd2 Kd4 48. b6 Bb7 49. Bd3 f3 50. Bf1 Ke4 0-1

[Event "V. Korchnoy Memorial 2018"]
[Site "St. Petersburg"]
[Date "2018.08.17"]
[Round "3"]
[White "Bachin, Vitaly"]
[Black "Chigaev, Maksim"]
[Result "0-1"]
[ECO "B23"]
[WhiteElo "2406"]
[BlackElo "2577"]
[Annotator "RC"]
[PlyCount "88"]
[EventDate "2018.08.15"]
[EventType "swiss"]
[EventCountry "RUS"]
[SourceTitle "playchess.com"]
[Source "ChessBase"]
[SourceQuality "1"]
[TimeControl "5400+30"]

1. e4 c5 2. Nc3 Nc6 3. f4 g6 4. Nf3 Bg7 5. g3 d6 6. Bg2 e6 7. d3 Nge7 8. O-O O-O 9. Rb1 b6 10. Bd2 Bb7 11. g4 f5 12. exf5 exf5 13. gxf5 Nxf5 14. Ng5 Qd7 15. Bd5+ Kh8 16. Ne6 Bd4+ 17. Nxd4 Ncxd4 18. Be4 d5 19. Bh1 Rae8 20. Rf2 Ne3 21. Bxe3 Rxe3 22. Bg2 Nf5 23. Qg4 Qf7 24. a3 Ree8 25. Qf3 Ba8 26. Bh1 Re3 27. Qg4 Rfe8 28. Rbf1 Re1 29. Nd1 R1e7 30. Bf3 Bb7 31. Kh1 Bc8 32. Qg2 d4 33. Be4 Nd6 34. Bd5 Be6 35. Bxe6 Rxe6 36. Qd5 Nf5 37. Re2 Kg7 38. Rxe6 Qxe6 39. Qg2 Qe2 40. b4 Qxg2+ 41. Kxg2 Re2+ 42. Rf2 Re1 43. Nb2 cxb4 44. axb4 b5 0-1

[Event "V. Korchnoy Memorial 2018"]
[Site "St. Petersburg"]
[Date "2018.08.17"]
[Round "3"]
[White "Bykov, Oleg"]
[Black "Levin, Evgeny A"]
[Result "1/2-1/2"]
[ECO "E17"]
[WhiteElo "2383"]
[BlackElo "2523"]
[Annotator "ChessBase"]
[PlyCount "61"]
[EventDate "2018.08.15"]
[EventType "swiss"]
[EventCountry "RUS"]
[SourceTitle "playchess.com"]
[Source "ChessBase"]
[SourceQuality "1"]
[TimeControl "5400+30"]

1. d4 Nf6 2. c4 e6 3. Nf3 b6 4. g3 Bb7 5. Bg2 Be7 6. O-O O-O 7. d5 exd5 8. Nh4 c6 9. cxd5 Nxd5 10. Nf5 Nc7 11. e4 d5 12. Nc3 Bf6 13. exd5 cxd5 14. Bf4 Nba6 15. Re1 Bc8 16. Nd6 Bxc3 17. bxc3 Be6 18. c4 dxc4 19. Bxa8 Qxa8 20. Rc1 Nc5 21. Nxc4 Nb5 22. Be5 Rd8 23. Qh5 Nd3 24. Bxg7 Nxe1 25. Rxe1 Kxg7 26. Qg5+ Kf8 27. Qh6+ Kg8 28. Qg5+ Kf8 29. Qh6+ Kg8 30. Qg5+ Kf8 31. Qh6+ 1/2-1/2

[Event "V. Korchnoy Memorial 2018"]
[Site "St. Petersburg"]
[Date "2018.08.17"]
[Round "3"]
[White "Apryshko, Gleb"]
[Black "Tran, Tuan Minh"]
[Result "1-0"]
[ECO "B53"]
[WhiteElo "2377"]
[BlackElo "2520"]
[Annotator "ChessBase"]
[PlyCount "151"]
[EventDate "2018.08.15"]
[EventType "swiss"]
[EventCountry "RUS"]
[SourceTitle "playchess.com"]
[Source "ChessBase"]
[SourceQuality "1"]
[TimeControl "5400+30"]

1. e4 c5 2. Nf3 d6 3. d4 cxd4 4. Qxd4 Nc6 5. Bb5 a6 6. Bxc6+ bxc6 7. c4 e5 8. Qd3 Ne7 9. c5 Ng6 10. cxd6 Qxd6 11. Qxd6 Bxd6 12. Nbd2 a5 13. Nc4 Bc7 14. b3 a4 15. Ba3 Be6 16. O-O f6 17. g3 Kf7 18. Rfc1 Rhd8 19. Kg2 Rd3 20. Nb2 Rxf3 21. Kxf3 axb3 22. axb3 Bb6 23. Na4 Bd4 24. Bb2 Rxa4 25. bxa4 Bxb2 26. a5 Bc8 27. Rcb1 Bxa1 28. Rxa1 Nf8 29. a6 Ne6 30. a7 Bb7 31. a8=Q Bxa8 32. Rxa8 Nd4+ 33. Ke3 g5 34. Ra7+ Kg6 35. h3 h5 36. Rc7 g4 37. h4 Kh6 38. Kd3 Kg6 39. Rd7 Nf3 40. Kc4 Nd4 41. Re7 Nf3 42. Rd7 Nd4 43. Kc5 Ne2 44. Rd3 Nd4 45. Kd6 Kf7 46. Re3 Kg6 47. Re1 Kf7 48. Rb1 Kg6 49. Rb7 Ne2 50. Rb3 Nd4 51. Rb8 Ne2 52. Ke7 Nc3 53. Rg8+ Kh7 54. Kf7 Nxe4 55. Rg7+ Kh6 56. Rg6+ Kh7 57. Rg7+ Kh6 58. Rg8 Kh7 59. Ra8 c5 60. Ke6 Kg7 61. Kf5 Nd6+ 62. Ke6 Ne4 63. Ra4 Nxf2 64. Kf5 e4 65. Ra7+ Kh6 66. Ra2 e3 67. Re2 Nd1 68. Re1 Nb2 69. Rxe3 c4 70. Re6 Nd1 71. Rxf6+ Kg7 72. Rc6 Ne3+ 73. Kf4 Nd5+ 74. Kg5 c3 75. Rc5 Nf6 76. Rc7+ 1-0

[Event "V. Korchnoy Memorial 2018"]
[Site "St. Petersburg"]
[Date "2018.08.17"]
[Round "3"]
[White "Yatzenko, Anton"]
[Black "Kobo, Ori"]
[Result "1/2-1/2"]
[ECO "B06"]
[WhiteElo "2356"]
[BlackElo "2510"]
[Annotator "ChessBase"]
[PlyCount "81"]
[EventDate "2018.08.15"]
[EventType "swiss"]
[EventCountry "RUS"]
[SourceTitle "playchess.com"]
[Source "ChessBase"]
[SourceQuality "1"]
[TimeControl "5400+30"]

1. e4 g6 2. d4 Bg7 3. Nf3 d6 4. Bc4 Nf6 5. Qe2 Nc6 6. h3 e5 7. dxe5 Nxe5 8. Nxe5 dxe5 9. O-O Nh5 10. Nc3 c6 11. Be3 O-O 12. Rfd1 Qh4 13. Qf3 Nf4 14. Rd2 Be6 15. Bf1 Qe7 16. a3 b5 17. Rad1 a5 18. Rd6 Rfc8 19. Kh2 Bf8 20. g3 Nh5 21. R6d2 a4 22. Ne2 Nf6 23. Bg5 Kg7 24. Qe3 Qa7 25. Qf3 Be7 26. Kg1 h6 27. Be3 Qb7 28. Nc1 b4 29. Nd3 bxa3 30. bxa3 Ra5 31. Ra1 c5 32. Bg2 c4 33. Nb4 Bxb4 34. axb4 Qxb4 35. c3 Qe7 36. Rda2 Rca8 37. Bc1 a3 38. Qe3 g5 39. Qb6 Ra4 40. Be3 Nd7 41. Qc7 1/2-1/2

[Event "V. Korchnoy Memorial 2018"]
[Site "St. Petersburg"]
[Date "2018.08.18"]
[Round "4"]
[White "Kokarev, Dmitry"]
[Black "Savitskiy, Sergey"]
[Result "0-1"]
[ECO "B69"]
[WhiteElo "2608"]
[BlackElo "2418"]
[Annotator "RC"]
[PlyCount "90"]
[EventDate "2018.08.15"]
[EventType "swiss"]
[EventCountry "RUS"]
[SourceTitle "playchess.com"]
[Source "ChessBase"]
[SourceQuality "1"]
[TimeControl "5400+30"]

1. e4 c5 2. Nf3 d6 3. d4 cxd4 4. Nxd4 Nf6 5. Nc3 Nc6 6. Bg5 e6 7. Qd2 a6 8. O-O-O Bd7 9. f4 Be7 10. Nf3 b5 11. Bxf6 gxf6 12. Kb1 Qb6 13. f5 Ne5 14. Nd4 h5 15. Qe1 Qb7 16. Qh4 O-O-O 17. a3 Kb8 18. Be2 Rc8 19. Qh3 Rc7 20. Rhe1 Ka8 21. Bf1 Rhc8 22. Na2 Nc4 23. Qxh5 e5 24. Nb3 d5 25. exd5 Bxa3 26. bxa3 Nxa3+ 27. Kb2 Rxc2+ 28. Ka1 Qb6 29. Bd3 a5 30. Qg4 b4 31. Rc1 a4 32. Bxc2 Nxc2+ 33. Rxc2 Rxc2 34. Nxb4 axb3 35. d6 Bxf5 36. Qf3+ Kb8 37. Nxc2 Qa5+ 38. Kb2 Qa2+ 39. Kc3 Qxc2+ 40. Kb4 b2 41. d7 b1=Q+ 42. Rxb1 Qxb1+ 43. Kc5 Bxd7 44. Qxf6 Qb5+ 45. Kd6 Qc6+ 0-1

[Event "V. Korchnoy Memorial 2018"]
[Site "St. Petersburg"]
[Date "2018.08.19"]
[Round "5"]
[White "Aleksandrov, Aleksej"]
[Black "Khanin, Semen"]
[Result "1/2-1/2"]
[ECO "E43"]
[WhiteElo "2585"]
[BlackElo "2494"]
[Annotator "ChessBase"]
[PlyCount "92"]
[EventDate "2018.08.15"]
[EventType "swiss"]
[EventCountry "RUS"]
[SourceTitle "playchess.com"]
[Source "ChessBase"]
[SourceQuality "1"]
[TimeControl "5400+30"]

1. d4 Nf6 2. c4 e6 3. Nc3 Bb4 4. e3 b6 5. Bd3 Bb7 6. Nf3 O-O 7. Bd2 Bxc3 8. Bxc3 Ne4 9. Bxe4 Bxe4 10. d5 f6 11. O-O Qe7 12. Nh4 h6 13. Qg4 Bh7 14. e4 Na6 15. Ng6 Bxg6 16. Qxg6 Nc5 17. b3 a5 18. Rad1 e5 19. f3 d6 20. Rf2 Qe8 21. Qf5 Qc8 22. Qxc8 Raxc8 23. Re2 f5 24. exf5 Rxf5 25. Be1 Rcf8 26. Bf2 g5 27. Be3 Kg7 28. Rb2 Ra8 29. a3 Rff8 30. b4 axb4 31. axb4 Nd7 32. c5 bxc5 33. bxc5 Nxc5 34. Bxc5 dxc5 35. Rb5 Ra2 36. Rxc5 Rf7 37. Re1 g4 38. Rf1 gxf3 39. Rxf3 Rxf3 40. gxf3 Kf6 41. Rxc7 Rd2 42. Rd7 Kf5 43. d6 Kf4 44. Rf7+ Kg5 45. Rg7+ Kf4 46. Rf7+ Kg5 1/2-1/2

[Event "V. Korchnoy Memorial 2018"]
[Site "St. Petersburg"]
[Date "2018.08.19"]
[Round "5"]
[White "Stupak, Kirill"]
[Black "Yashmetov, Mikhail"]
[Result "1-0"]
[ECO "D77"]
[WhiteElo "2573"]
[BlackElo "2365"]
[Annotator "ChessBase"]
[PlyCount "65"]
[EventDate "2018.08.15"]
[EventType "swiss"]
[EventCountry "RUS"]
[SourceTitle "playchess.com"]
[Source "ChessBase"]
[SourceQuality "1"]
[TimeControl "5400+30"]

1. d4 Nf6 2. g3 g6 3. Bg2 d5 4. c4 Bg7 5. Nf3 O-O 6. O-O Nc6 7. Na3 dxc4 8. Nxc4 Be6 9. b3 a5 10. a4 Bd5 11. e3 Ne4 12. Ba3 Kh8 13. Rc1 f5 14. Qe2 g5 15. h4 f4 16. exf4 gxf4 17. g4 Qd7 18. Nce5 Nxe5 19. Nxe5 Bxe5 20. dxe5 f3 21. Bxf3 Rxf3 22. e6 Qxe6 23. Qxf3 Rg8 24. g5 Qe5 25. Qe3 Rg7 26. f4 Qf5 27. Bb2 Qg4+ 28. Kh2 Nf6 29. Qf2 Be6 30. f5 Ne4 31. Bxg7+ Kg8 32. Qf3 Qxh4+ 33. Qh3 1-0

[Event "V. Korchnoy Memorial 2018"]
[Site "St. Petersburg"]
[Date "2018.08.19"]
[Round "5"]
[White "Tsydypov, Zhamsaran"]
[Black "Ponkratov, Pavel"]
[Result "1-0"]
[ECO "C11"]
[WhiteElo "2520"]
[BlackElo "2605"]
[Annotator "ChessBase"]
[PlyCount "57"]
[EventDate "2018.08.15"]
[EventType "swiss"]
[EventCountry "RUS"]
[SourceTitle "playchess.com"]
[Source "ChessBase"]
[SourceQuality "1"]
[TimeControl "5400+30"]

1. e4 e6 2. d4 d5 3. Nc3 Nf6 4. e5 Nfd7 5. f4 c5 6. Nf3 Nc6 7. Be3 Rb8 8. Be2 Qa5 9. a3 b5 10. O-O b4 11. axb4 Qxb4 12. f5 cxd4 13. fxe6 fxe6 14. Nxd4 Nxd4 15. Bxd4 Bc5 16. Bxc5 Qxc5+ 17. Kh1 Rf8 18. Qd3 g6 19. Qh3 Rxf1+ 20. Rxf1 Qe7 21. Nb5 Kd8 22. Nxa7 Bb7 23. Qc3 Qg5 24. Nb5 Rc8 25. Qa5+ Ke7 26. Qb4+ Rc5 27. Nd6 Qxe5 28. Nxb7 Qxe2 29. Qh4+ 1-0

[Event "V. Korchnoy Memorial 2018"]
[Site "St. Petersburg"]
[Date "2018.08.19"]
[Round "5"]
[White "Stefansson, Hannes"]
[Black "Kozionov, Kirill"]
[Result "0-1"]
[ECO "B90"]
[WhiteElo "2511"]
[BlackElo "2461"]
[Annotator "RC"]
[PlyCount "68"]
[EventDate "2018.08.15"]
[EventType "swiss"]
[EventCountry "RUS"]
[SourceTitle "playchess.com"]
[Source "ChessBase"]
[SourceQuality "1"]
[TimeControl "5400+30"]

1. e4 c5 2. Nf3 d6 3. d4 cxd4 4. Nxd4 Nf6 5. Nc3 a6 6. h3 e5 7. Nde2 h5 8. g3 b5 9. Nd5 Nbd7 10. Bg5 Bb7 11. Nec3 Rc8 12. Bg2 Nb6 13. Bxf6 gxf6 14. O-O h4 15. g4 Bh6 16. Qd3 Nxd5 17. Nxd5 Bxd5 18. exd5 Rc4 19. a4 Rd4 20. Qc3 O-O 21. Qc6 b4 22. Qxa6 f5 23. Rad1 Rf4 24. gxf5 Kh8 25. Kh1 Rxf5 26. Qe2 Rf4 27. Rg1 Qf6 28. Rdf1 Qf5 29. Qd3 e4 30. Qd4+ Kh7 31. Re1 Re8 32. Re3 Rxf2 33. Bxe4 Rxe4 34. Qxe4 Bxe3 0-1

[Event "V. Korchnoy Memorial 2018"]
[Site "St. Petersburg"]
[Date "2018.08.19"]
[Round "5"]
[White "Hamitevici, Vladimir"]
[Black "Mchedlishvili, Mikheil"]
[Result "1-0"]
[ECO "A20"]
[WhiteElo "2502"]
[BlackElo "2608"]
[Annotator "ChessBase"]
[PlyCount "85"]
[EventDate "2018.08.15"]
[EventType "swiss"]
[EventCountry "RUS"]
[SourceTitle "playchess.com"]
[Source "ChessBase"]
[SourceQuality "1"]
[TimeControl "5400+30"]

1. c4 e5 2. d3 Nf6 3. Nf3 Bb4+ 4. Nbd2 Qe7 5. a3 Bxd2+ 6. Bxd2 e4 7. Nd4 O-O 8. Nb5 Na6 9. d4 d5 10. c5 Bd7 11. Nc3 c6 12. Bf4 Ne8 13. Qd2 Nac7 14. f3 Bf5 15. g4 Bg6 16. Bg2 exf3 17. Bxf3 Ne6 18. Bg3 f5 19. gxf5 Bxf5 20. h4 Rf7 21. b4 Nf6 22. Bd6 Qd7 23. Rg1 b6 24. h5 Re8 25. O-O-O bxc5 26. dxc5 d4 27. Na4 Be4 28. h6 g6 29. Nb2 a5 30. bxa5 Qa7 31. Na4 Bxf3 32. exf3 Nd5 33. Rde1 Rxf3 34. Qc2 Qf7 35. a6 d3 36. Qc4 Qf6 37. Be5 Qf5 38. Qe4 Qf7 39. Bb2 d2+ 40. Kxd2 Qf8 41. Rxg6+ hxg6 42. Qxg6+ Ng7 43. h7+ 1-0